Map: Zielone pola

Players

Lets

  • Race: Protoss Protoss
  • Spawn Location: 7:00

BilektCZ

  • Race: Terran Terran
  • Spawn Location: 9:00

Gracz

  • Race: Protoss Protoss
  • Spawn Location: 6:00

Trocomostro - Winner!

  • Race: Zerg Zerg
  • Spawn Location: 3:00

Kaz - Winner!

  • Race: Protoss Protoss
  • Spawn Location: 12:00

Obscura - Winner!

  • Race: Terran Terran
  • Spawn Location: 1:00

VOD

Have the link to the VOD?

Description

Time

  • Played on: Feb. 26, 2016, 7:48 p.m.
  • Length: 8:01
Show
View Real Time Build Order
Export as new Build Order

Lets Protoss 

Build Orders:  

Get SALT Encoding   

  12  0:03  Probe (Chrono Boost)  
  13  0:13  Probe (Chrono Boost)  
  14  0:19  Pylon  
  14  0:24  Probe (Chrono Boost)  
  15  0:37  Probe (Chrono Boost)  
  15  0:41  Gateway  
  16  0:48  Probe (Chrono Boost)  
  17  0:57  Assimilator  
  17  0:58  Probe (Chrono Boost)  
  18  1:08  Gateway  
  18  1:12  Assimilator  
  18  1:17  Probe (Chrono Boost)  
  19  1:29  Probe (Chrono Boost)  
  20  1:33  Cybernetics Core  
  20  1:37  Gateway  
  20  1:45  Pylon  
  20  1:48  Probe (Chrono Boost)  
  21  1:58  Probe (Chrono Boost)  
  22  2:09  Adept  
  22  2:10  Adept  
  22  2:12  Warp Gate (Chrono Boost)  
  22  2:15  Probe  
  27  2:24  Adept  
  29  2:34  Gateway  
  29  2:36  Pylon  
  29  2:42  Adept  
  31  2:56  Pylon  
  31  3:24  Probe  
  32  3:40  Nexus  
  24  4:13  Probe  
  25  4:20  Pylon  
  25  4:24  Pylon  
  25  4:25  Nexus, Probe  
  25  4:27  Pylon  
  26  4:37  Probe  
  27  4:44  Gateway  
  27  4:46  Gateway  
  27  4:49  Stalker x2  
  31  5:00  Stalker x2  
  29  5:17  Probe  
  26  5:29  Probe  
  26  5:31  Stalker  
  26  5:32  Stalker  
  31  5:41  Probe (Chrono Boost)  
  32  5:50  Gateway  
  32  5:53  Probe (Chrono Boost)  
Show
View Real Time Build Order
Export as new Build Order

BilektCZ Terran 

Build Orders:  

Get SALT Encoding   

  12  0:04  SCV  
  13  0:16  SCV  
  15  0:28  SCV  
  15  0:38  Supply Depot  
  15  0:48  Refinery  
  15  1:00  SCV  
  16  1:08  Barracks  
  16  1:12  SCV  
  17  1:24  SCV  
  18  1:36  SCV  
  19  1:46  Refinery  
  19  1:48  SCV  
  20  2:00  SCV  
  21  2:05  Engineering Bay  
  21  2:09  Barracks Reactor  
  21  2:13  SCV  
  22  2:25  SCV  
  23  2:44  Missile Turret  
  23  3:05  Missile Turret  
  23  3:27  Missile Turret, Supply Depot  
  23  3:48  Marine x2  
  23  3:49  Bunker, SCV  
  23  3:52  Supply Depot  
  26  4:06  Marine x2  
  28  4:17  Supply Depot  
  28  4:21  Missile Turret  
  28  4:24  Marine x2  
  30  4:42  Missile Turret, Marine x2  
  32  4:46  Barracks  
  32  5:02  Missile Turret  
  32  5:21  Marine x2  
  32  5:23  Missile Turret  
  34  5:35  Barracks  
  34  5:39  Marine x2  
  36  5:44  Missile Turret  
  36  5:49  Barracks Tech Lab  
  36  6:06  Bunker  
  36  6:28  Marine x2  
  38  6:37  Bunker  
  38  6:45  Barracks Tech Lab  
  38  6:46  Marine x2  
  40  6:53  Ghost Academy  
  40  7:08  Bunker  
  40  7:30  Marauder  
  40  7:31  Marauder  
  41  7:37  Marine  
  41  7:38  Marine  
Show
View Real Time Build Order
Export as new Build Order

Gracz Protoss 

Build Orders:  

Get SALT Encoding   

  12  0:02  Probe (Chrono Boost)  
  13  0:13  Probe (Chrono Boost)  
  14  0:23  Probe (Chrono Boost)  
  14  0:26  Pylon  
  15  1:12  Probe (Chrono Boost)  
  16  1:19  Pylon  
  16  1:21  Nexus  
  16  1:23  Probe (Chrono Boost)  
  16  1:25  Pylon  
  17  1:26  Assimilator  
  17  1:33  Probe (Chrono Boost)  
  17  1:38  Assimilator  
  18  1:43  Assimilator  
  18  1:44  Probe (Chrono Boost)  
  19  1:54  Probe (Chrono Boost)  
  20  2:05  Probe (Chrono Boost)  
  21  2:14  Assimilator  
  22  2:15  Probe (Chrono Boost)  
  22  2:38  Probe (Chrono Boost)  
  22  2:39  Probe (Chrono Boost)  
  24  2:49  Gateway, Probe (Chrono Boost)  
  24  2:50  Probe (Chrono Boost), Gateway  
  26  2:56  Gateway  
  26  3:05  Gateway  
  26  3:15  Gateway  
  26  3:27  Probe (Chrono Boost)  
  26  3:33  Probe (Chrono Boost)  
  28  3:38  Probe (Chrono Boost)  
  29  3:43  Probe (Chrono Boost)  
  29  3:45  Cybernetics Core  
  30  3:54  Probe (Chrono Boost)  
  30  3:55  Pylon, Probe (Chrono Boost)  
  32  4:24  Pylon, Probe (Chrono Boost)  
  33  4:26  Probe (Chrono Boost)  
  34  4:32  Warp Gate (Chrono Boost)  
  34  4:35  Probe  
  23  4:46  Probe  
  22  4:59  Stalker (Chrono Boost)  
  23  5:18  Stargate  
  23  5:19  Stargate  
  23  5:21  Stargate  
  23  5:25  Stargate  
  23  5:26  Stargate  
  23  5:29  Stargate  
  13  6:32  Void Ray (Chrono Boost)  
  11  6:36  Void Ray (Chrono Boost)  
  11  6:37  Void Ray (Chrono Boost)  
  14  6:43  Probe  
  14  6:55  Probe  
Show
View Real Time Build Order
Export as new Build Order

Trocomostro Zerg - Winner!

Build Orders: Hatch First 

Get SALT Encoding   

  12  0:03  Drone  
  13  0:13  Overlord  
  13  0:17  Drone  
  14  0:23  Extractor, Drone  
  15  0:31  Drone  
  16  0:36  Drone  
  17  0:56  Hatchery  
  16  0:57  Drone  
  16  1:03  Extractor, Drone  
  17  1:08  Drone  
  18  1:20  Spawning Pool  
  17  1:26  Drone  
  17  1:31  Drone  
  19  1:39  Drone  
  20  1:51  Drone  
  21  2:04  Overlord  
  21  2:07  Metabolic Boost  
  21  2:11  Queen  
  21  2:12  Queen  
  21  2:14  Zergling x4  
  27  2:22  Zergling x2  
  28  2:27  Zergling x2  
  29  2:31  Zergling x2  
  30  2:38  Drone  
  31  2:46  Drone  
  31  2:47  Queen  
  31  2:48  Drone  
  35  2:56  Overlord  
  35  3:07  Roach Warren  
  35  3:09  Queen  
  35  3:11  Overlord  
  36  3:14  Extractor  
  35  3:28  Spine Crawler  
  35  3:30  Zergling x8  
  35  3:31  Zergling x2  
  39  3:37  Spine Crawler  
  37  3:59  Roach x3  
  37  4:00  Roach  
  43  4:21  Drone x2  
  45  4:50  Zergling x2  
  45  4:51  Roach x2  
  50  4:55  Overlord  
  50  4:56  Drone  
  50  4:58  Overlord  
  51  5:05  Spore Crawler  
  50  5:11  Extractor  
  47  5:22  Overlord  
  47  5:23  Zergling x6  
  47  5:24  Zergling x4  
  47  5:27  Lair  
  50  5:46  Roach x2  
  54  5:53  Drone x2  
  56  5:57  Extractor  
  56  6:00  Drone x2  
  57  6:13  Drone x2  
  58  6:31  Zergling x4  
  58  6:32  Zergling x12  
  66  6:44  Roach x2  
  70  6:52  Overlord  
  70  6:53  Drone  
  71  7:05  Overlord, Infestation Pit  
  71  7:06  Drone  
Show
View Real Time Build Order
Export as new Build Order

Kaz Protoss - Winner!

Build Orders: Oracle Opening 

Get SALT Encoding   

  12  0:12  Pylon  
  13  0:14  Probe (Chrono Boost)  
  13  0:25  Probe (Chrono Boost)  
  14  0:33  Gateway  
  14  0:35  Probe (Chrono Boost)  
  15  0:46  Probe (Chrono Boost)  
  16  0:53  Assimilator  
  16  1:00  Forge  
  16  1:03  Probe (Chrono Boost)  
  17  1:12  Assimilator  
  17  1:13  Probe (Chrono Boost)  
  18  1:24  Probe (Chrono Boost)  
  19  1:26  Cybernetics Core  
  19  1:34  Probe (Chrono Boost)  
  19  1:36  Pylon  
  20  1:48  Probe (Chrono Boost)  
  21  1:58  Probe (Chrono Boost)  
  22  2:04  Photon Cannon  
  22  2:09  Mothership Core (Chrono Boost)  
  24  2:22  Stargate  
  24  2:41  Probe (Chrono Boost)  
  25  2:50  Nexus  
  25  2:53  Pylon  
  25  2:59  Probe (Chrono Boost)  
  26  3:08  Oracle (Chrono Boost)  
  29  3:15  Probe  
  30  3:27  Probe  
  31  3:39  Probe  
  31  3:40  Void Ray (Chrono Boost)  
  36  4:14  Assimilator  
  36  4:20  Assimilator  
  36  4:22  Stargate  
  36  4:24  Pylon  
  36  4:26  Pylon, Protoss Air Weapons Level 1  
  36  4:28  Pylon  
  36  4:45  Void Ray (Chrono Boost)  
  40  4:53  Probe  
  40  4:58  Probe  
  42  5:03  Probe  
  43  5:10  Probe  
  44  5:14  Probe  
  45  5:22  Probe  
  45  5:24  Probe  
  44  5:34  Probe  
  44  5:35  Probe  
  46  5:44  Void Ray (Chrono Boost)  
  46  5:45  Probe  
  46  5:46  Probe  
  56  5:50  Void Ray (Chrono Boost)  
  56  5:55  Stargate x2  
  56  5:56  Probe  
  57  6:07  Probe  
  58  6:38  Fleet Beacon  
  58  6:42  Void Ray (Chrono Boost), Cybernetics Core  
  58  6:44  Void Ray (Chrono Boost)  
  66  6:53  Pylon  
  66  6:55  Pylon  
  66  6:56  Pylon  
  74  7:20  Void Ray x2 (Chrono Boost)  
Show
View Real Time Build Order
Export as new Build Order

Obscura Terran - Winner!

Build Orders: Liberator Opening 

Get SALT Encoding   

  12  0:02  SCV  
  13  0:14  SCV  
  13  0:20  Supply Depot  
  14  0:26  SCV  
  15  0:34  Refinery  
  15  0:45  Barracks  
  15  0:47  SCV  
  16  0:59  SCV  
  17  1:09  Barracks  
  18  1:11  SCV  
  18  1:22  Refinery  
  18  1:23  SCV  
  19  1:32  Marine  
  20  1:35  SCV  
  21  1:44  Supply Depot  
  21  1:47  SCV  
  21  1:53  Barracks Reactor  
  22  2:02  Factory  
  22  2:05  Barracks Tech Lab  
  22  2:16  Engineering Bay  
  22  2:20  SCV  
  23  2:30  Marine  
  23  2:31  Marine  
  25  2:37  SCV  
  26  2:48  Supply Depot  
  26  2:52  Starport  
  26  3:07  Factory Tech Lab  
  26  3:11  Orbital Command  
  26  3:26  Missile Turret  
  26  3:28  Siege Tank  
  29  3:37  Starport Reactor, Supply Depot  
  29  3:57  Liberator  
  29  3:58  Liberator  
  29  4:03  Missile Turret  
  29  4:11  Supply Depot  
  35  4:34  Missile Turret  
  35  4:40  Supply Depot  
  35  4:45  Combat Shields  
  35  4:49  Marine  
  35  4:50  Marine x2  
  38  5:07  Marine  
  39  5:18  Marine, Marauder  
  39  5:21  Medivac  
  44  5:22  Medivac  
  44  5:25  Marine  
  47  5:36  Marine  
  48  5:45  Marine, Marauder  
  51  5:54  Marine  
  52  6:03  Concussive Shells, Marine  
  53  6:06  Marauder  
  55  6:13  Siege Tank  
  55  6:15  Medivac  
  55  6:16  Marine  
  61  6:21  Marine  
  62  6:27  Marine  
  63  6:34  Marine  
  63  6:36  Supply Depot  
  63  6:38  Marine  
  65  6:45  Marine  
  66  6:51  Marine  
  67  6:56  Marine  
  68  7:04  Marauder  
  68  7:05  Supply Depot  
  70  7:09  Marine  
  70  7:14  Marine  
  69  7:25  Marauder  
  69  7:27  Marine  
  71  7:32  Marine  
  74  7:57  Supply Depot  
Tags
 
Add a new tag
Caveats
  • Supply blocks, unpowered buildings, or Contaminate may cause inaccurate times.
  • Supply counts are checked every 10 seconds.